 Dungeon Sprint DCSS version 0.27-a0-1579-g97d2440184 (webtiles) character file.

Game seed: 10861861558233878645

462 mhtbhm the Fighter (level 6, -4/60 (66) HPs)
             Began as a Minotaur Fighter on July 17, 2021.
             Was a Follower of Qazlal.
             Killed from afar by a necromancer (25 damage)
             ... with a bolt of negative energy
             ... in the Dungeon (Sprint III: "The Ten Rune Challenge").
             The game lasted 00:01:22 (938 turns).

mhtbhm the Fighter (Minotaur Fighter)                Turns: 938, Time: 00:01:23

HP:   -4/60 (66)    AC: 10    Str: 23    XL:     6   Next: 79%
MP:   5/5           EV:  9    Int:  5    God:    Qazlal [*.....]
Gold: 26            SH: 12    Dex:  9    Spells: 5/5 levels left

rFire    . . .     SeeInvis .   a - +0 war axe
rCold    . . .     Faith    .   c - +0 kite shield
rNeg     . . .     Spirit   .   b - +0 scale mail
rPois    .         Reflect  .   (helmet restricted)
rElec    .         Harm     .   f - +0 cloak
rCorr    .         Rampage  .   (no gloves)
Will     .....     NoTele   +   (no boots)
Stlth    ..........             (no amulet)
HPRegen  0.20/turn              (no ring)
MPRegen  0.09/turn              (no ring)

@: drained
A: horns 2, retaliatory headbutt
a: Renounce Religion


You were in the Dungeon.
You worshipped Qazlal.
Qazlal was aware of your devotion.
You visited 1 branch You collected 26 gold pieces.

Inventory:

Hand Weapons
 a - a +0 war axe (weapon)
Armour
 b - a +0 scale mail (worn)
 c - a +0 kite shield (worn)
 f - a +0 cloak (worn)
Scrolls
 i - a scroll of holy word {unknown}
 j - a scroll of blinking
 k - 2 scrolls of identify
 m - a scroll of torment {unknown}
 n - a scroll of brand weapon {unknown}
Potions
 e - a potion of curing
 g - a potion of haste
 h - 2 potions of magic
 l - 3 potions of flight
 o - 5 potions of mutation
Miscellaneous
 d - a phantom mirror


   Skills:
 + Level 10.0 Fighting
 + Level 9.0 Axes
 + Level 9.8 Armour
 + Level 1.8 Dodging
 + Level 8.1 Shields
 * Level 0.9 Invocations


You had 5 spell levels left.
You didn't know any spells.
Your spell library contained the following spells:

 Spells                   Type           Power      Damage    Failure   Level
 Magic Dart               Conj           0%         1d3       96%         1
 Searing Ray              Conj           0%         3d3       99%         2
 Slow                     Hex            0%         N/A       99%         2
 Confusing Touch          Hex            0%         N/A       100%        3
 Fulminant Prism          Conj/Hex       0%         3d6       100%        4
 Yara's Violent Unravell  Hex/Tmut       0%         3d3       100%        5


Dungeon Overview and Level Annotations

Branches:
Dungeon (1/1)

Altars:
Cheibriados
Dithmenos
Fedhas
Gozag
Hepliaklqana
Kikubaaqudgha
Makhleb
Nemelex Xobeh
Qazlal
Ru
Sif Muna
Vehumet
Xom
Yredelemnul
Jiyva
Lugonu


Innate Abilities, Weirdness & Mutations

You have a pair of horns on your head.
You reflexively headbutt those who attack you in melee.


Message History

You slash the wizard!
You kill the wizard!
Qazlal accepts your kill.
You are now surrounded by a storm.
Your Axes skill increases to level 9!
No target in view!
No target in view!
You pick up a book of Conjurations and begin reading...
You add the spells Magic Dart, Searing Ray and Fulminant Prism to your library.
You pick up a book of Misfortune and begin reading...
You add the spells Slow, Confusing Touch and Yara's Violent Unravelling to your library.
Things that are here:
a +0 dagger; a +0 robe
There is an open door here.
Things that are here:
a +0 dagger; a +2 robe of the Archmagi You start waiting.
There is a fountain of clear blue water here.
You open the door.
A necromancer and a necrophage come into view.
The necromancer shouts!
Found 19 gold pieces.
Found three altars.
You closely miss the necromancer. You block the necromancer's attack.
You slash the necromancer! Your headbutt misses the necromancer.
The necromancer is almost dead.
The necromancer points at you and mumbles some strange words.
The bolt of negative energy hits you!
You feel drained.
You barely miss the necromancer.
The necromancer is almost dead.
The necromancer casts a spell.
The necromancer flickers and vanishes!
Deactivating autopickup; reactivate with Ctrl-A.
You hear some strange, mumbled words.
Your body is wracked with pain!
Unknown command.
You miss something. Your headbutt misses something. Something hits you.
You closely miss something. Your headbutt misses something.
You hear some strange, mumbled words.
A bolt of negative energy appears from out of thin air!
The bolt of negative energy hits you!!
You feel drained.
You die...

▓▓▓ ♣♣♣ ♣.# ####
♣.♣ ♣.# #__# .♣♣
♣.# #n_
≈.♣♣♣♣.###+#+###{##
≈.♣..♣.#........@.#
≈≈..♣..'.⌠........#
≈≈≈≈.♣.#...######'#
≈≈≈....#.⌠.#__#...#
≈≈.....#...#__#...#
.......#)###__#...#
.......#.).#__#...+
.....÷.#___#__'...#
▓▓▓▓▓▓▓▓▓▓▓▓▓▓▓▓▓▓▓


You could see a necrophage.

Vanquished Creatures
  A shadow (D)
  A spatial vortex (D)
  A water elemental (D)
  A jelly (D)
  Crazy Yiuf (D)
  A wizard (D)
  A human (D)
  A kobold demonologist (D)
  An endoplasm (D)
  3 rats (D)
12 creatures vanquished.

Vanquished Creatures (others)
  2 plants (D)
2 creatures vanquished.

Grand Total: 14 creatures vanquished

Notes
Turn   | Place    | Note
-------+----------+-------------------------------------------
     0 | D        | mhtbhm the Minotaur Fighter began the quest for the Orb.
     0 | D        | Reached XP level 1. HP: 19/19 MP: 0/0
     6 | D        | Reached skill level 4 in Fighting
    62 | D        | Reached skill level 5 in Fighting
    62 | D        | Reached skill level 5 in Armour
    62 | D        | Reached XP level 2. HP: 29/29 MP: 1/1
   111 | D        | Noticed Crazy Yiuf
   116 | D        | Killed Crazy Yiuf
   117 | D        | Reached skill level 6 in Fighting
   117 | D        | Reached skill level 5 in Shields
   117 | D        | Reached XP level 3. HP: 12/37 MP: 2/2
   370 | D        | Noticed a water elemental
   376 | D        | Killed a water elemental
   377 | D        | Reached skill level 7 in Fighting
   377 | D        | Reached skill level 5 in Axes
   377 | D        | Reached XP level 4. HP: 30/47 MP: 3/3
   493 | D        | Noticed a shadow
   498 | D        | Reached XP level 5. HP: 17/53 MP: 4/4
   501 | D        | HP: 2/53 [shadow (7)]
   504 | D        | Killed a shadow
   505 | D        | Reached skill level 9 in Fighting
   505 | D        | Reached skill level 1 in Dodging
   505 | D        | Reached XP level 6. HP: 3/63 MP: 5/5
   810 | D        | Found a blossoming altar of Fedhas.
   810 | D        | Found a stormy altar of Qazlal.
   810 | D        | Found a snail-covered altar of Cheibriados.
   810 | D        | Found a burning altar of Makhleb.
   810 | D        | Found a shimmering altar of Xom.
   811 | D        | Found a hazy altar of Hepliaklqana.
   811 | D        | Found an opulent altar of Gozag.
   811 | D        | Found a sparkling altar of Nemelex Xobeh.
   811 | D        | Found a corrupted altar of Lugonu.
   811 | D        | Found a viscous altar of Jiyva.
   811 | D        | Noticed a spatial vortex
   826 | D        | Became a worshipper of Qazlal Stormbringer
   831 | D        | Killed a spatial vortex
   851 | D        | Found a radiant altar of Vehumet.
   851 | D        | Found a shimmering blue altar of Sif Muna.
   851 | D        | Found an ancient bone altar of Kikubaaqudgha.
   857 | D        | Reached skill level 10 in Fighting
   858 | D        | Reached * piety under Qazlal
   933 | D        | Found a basalt altar of Yredelemnul.
   933 | D        | Found a shadowy altar of Dithmenos.
   933 | D        | Found a sacrificial altar of Ru.
   938 | D        | Killed from afar by a necromancer

Illustrated notes

Levels and vault maps discovered:
D:        dungeon_sprint_mu [sprint_mu_entry_forest, sprint_mu_temple_rooms,
          sprint_mu_d1_spiders, sprint_mu_d2_genie, sprint_mu_d3_branching,
          sprint_mu_orc_legion, sprint_mu_elf_gauntlet, sprint_mu_hive_nellie,
          sprint_mu_lair_fedhas, sprint_mu_vaults_butterflies,
          sprint_mu_slime_circle, sprint_mu_swamp_cave, sprint_mu_shoals_kraken,
          sprint_mu_blade_basic, sprint_mu_crypt_fortress,
          sprint_mu_tomb_spiral, sprint_mu_vestibule_basic,
          sprint_mu_gehenna_hellfire, sprint_mu_dis_giant,
          sprint_mu_tartarus_statrot, sprint_mu_cocytus_islands, sprint_mu_zot1]

Skill      XL: |  1  2  3  4  5  6 |
---------------+-------------------+-----
Fighting       | 5 6 7 9 10 | 10.0
Armour         | 5 6 7 8 9 |  9.8
Shields        | 4 5 6 7 8 |  8.1
Axes           | 3 4 5 7 9 |  9.0
Dodging        | 1 |  1.8
Invocations    | |  0.9

Action                   |  1- 3 |  4- 6 || total
-------------------------+-------+-------++-------
Melee: War axe           |    19 |    23 ||    42
       Headbutt          |     1 |     3 ||     4
  Use: Potion            |     2 |     1 ||     3
Armor: Scale mail        |     7 |     3 ||    10
Dodge: Dodged            |     2 |     1 ||     3
Block: Kite shield       |     8 |     5 ||    13

Table legend: (Time is in decaauts)
 A = Elapsed time spent in this place.
 B = Non-inter-level travel time spent in this place.
 C = Inter-level travel time spent in this place.
 D = Time resting spent in this place.
 E = Time spent auto-exploring this place.
 F = Levels seen in this place.
 G = Mean time per level.
                   A        B        C        D        E       F      G
               +--------+--------+--------+--------+--------+-----+--------+
         Total |    967 |    967 |      0 |    726 |      0 |   1 |  967.0 |
       Dungeon |    967 |    967 |      0 |    726 |      0 |   1 |  967.0 |
               +--------+--------+--------+--------+--------+-----+--------+

Top non-repeatable levels by time:
       D: 967 daAuts
